 Dungeon Sprint DCSS version 0.24.0-125-gc4c63601f3 (webtiles) character file.

Game seed: 5479547577223686850, levelgen mode: deterministic

300 Ponchio the Eclecticist (level 9, -3/45 HPs)
             Began as a Deep Elf Earth Elementalist on Mar 12, 2020.
             Was a High Priest of Vehumet.
             Killed from afar by Aizul (29 damage)
             ... with a bolt of poison
             ... in the Dungeon (Sprint VI: "Thunderdome").
             The game lasted 00:13:37 (571 turns).

Ponchio the Eclecticist (DEEE)                       Turns: 571, Time: 00:13:37

Health: -3/45      AC:  2    Str:  5    XL:     9   Next: 33%
Magic:  11/32      EV: 13    Int: 24    God:    Vehumet [*****.]
Gold:   264        SH:  0    Dex: 15    Spells: 27/42 levels left

rFire    . . .     SeeInvis .   (no weapon)
rCold    . . .     Gourm    .   (no shield)
rNeg     . . .     Faith    .   c - +0 robe
rPois    .         Spirit   .   (no helmet)
rElec    .         Reflect  .   (no cloak)
rCorr    .         Harm     .   (no gloves)
MR       .....     NoTele   +   (no boots)
Stlth    ++........             (no amulet)
HPRegen  0.15/turn              (no ring)
MPRegen  0.23/turn              (no ring)

@: lethally poisoned (-3 -> -13), very slightly contaminated, hasted, very quick
A: no striking features
a: Renounce Religion


You were in the Dungeon.
You worshipped Vehumet.
Vehumet was extremely pleased with you.
You were not hungry.

You visited 1 branch You collected 600 gold pieces.
You spent 336 gold pieces at shops.

Inventory:

Missiles
 b - 11 stones (quivered)
Armour
 c - a +0 robe (worn)
Wands
 k - a wand of acid (4)
 l - a wand of iceblast (3)
Scrolls
 m - 3 scrolls of fog
Potions
 a - a potion of resistance
 f - 4 potions of heal wounds
 g - 2 potions of haste
 h - 5 potions of magic
 i - a potion of berserk rage
Comestibles
 d - a ration


   Skills:
 - Level 2.4 Dodging
 - Level 2.4 Stealth
 + Level 17.3 Spellcasting
 - Level 1.1 Transmutations
 * Level 16.9 Earth Magic


You had 27 spell levels left.
You knew the following spells:

 Your Spells              Type           Power        Failure   Level  Hunger
a - Sandblast             Erth           ######       0%          1    None
b - Passwall              Tmut/Erth      ######..     1%          2    None
c - Stone Arrow           Conj/Erth      ######       1%          3    None
d - Petrify               Tmut/Erth      ######..     1%          4    None
e - Lee's Rapid Deconstr  Erth           #######...   1%          5    None

Your spell library contained the following spells:

 Spells                   Type           Power        Failure   Level  Hunger
 Mephitic Cloud           Conj/Pois/Air  ###.....     2%          3    None


Dungeon Overview and Level Annotations

Branches:
Dungeon (1/1)

Altars:
Cheibriados
Dithmenos
Fedhas
Gozag
Kikubaaqudgha
Makhleb
Okawaru
Qazlal
Ru
Sif Muna
Trog
Uskayaw
Vehumet
Wu Jian
Xom
Yredelemnul
Zin
The Shining One
Beogh
Jiyva
Lugonu

Shops:
D *[%??*?*:[((!!!!

Annotations:
D Aizul


Message History

Aizul casts a spell at you. The poison arrow misses you.
Casting: Lee's Rapid Deconstruction (safe; 1% risk of failure)
Confirm with . or Enter, or press ? or * to list all spells.
Aiming: Lee's Rapid Deconstruction (safe; 1% risk of failure)
Press: ? - help, Dir - move target cursor A granite statue.
The statue shatters!
The blast of rock fragments hits Aizul!!
Aizul is severely wounded.
Aizul casts a spell at you. The poison arrow hits you!
You are poisoned.
A naga mage comes into view.
You feel better.
Aizul coils herself and waves her upper body at you.
The bolt of poison hits you!!
You are poisoned.
Ouch! That really hurt!
You die...

#_.).)..._# ###.........###
#⌠...........N#
######.8.........8.######
##∩___.÷....###......___§##
###∩.......S8.# #.8........∩###
#.........÷...###.............#
⌠..........###...###÷.........⌠#
⌠..........# #.@.# #..........⌠#
⌠..........###...###..........⌠#
#.............###.............##
###∩........8.# #.8........∩###
##∩_._..)...###......___∩##
######.8[........8.######
#⌠...........⌠# ###.........###
#_......._#


You could see Aizul and a naga mage (wandering).

Vanquished Creatures
  A rust devil (D)
  2 orange demons (D)
  A rime drake (D)
  3 ice devils (D)
  A hellwing (D)
  A water moccasin (D)
  3 ice beasts (D)
  A big kobold (D)
  Ijyb (D)
  3 adders (D)
  2 ball pythons (D)
  A hobgoblin (D)
  2 bat simulacra (D)
  3 kobolds (D)
25 creatures vanquished.

Notes
Turn   | Place    | Note
-------+----------+-------------------------------------------
     0 | D        | Ponchio the Deep Elf Earth Elementalist began the quest for
                  | the Orb.
     0 | D        | Reached XP level 1. HP: 10/10 MP: 6/6
     3 | D        | Found a basalt altar of Yredelemnul.
     3 | D        | Found a roughly hewn altar of Beogh.
     4 | D        | Found a sacrificial altar of Ru.
     4 | D        | Found a glowing silver altar of Zin.
     5 | D        | Found a hide-covered altar of Uskayaw.
     5 | D        | Found a glowing golden altar of the Shining One.
     5 | D        | Round 1.
     6 | D        | Found Typek's Distillery.
     6 | D        | Found a shimmering blue altar of Sif Muna.
     6 | D        | Found a snail-covered altar of Cheibriados.
     6 | D        | Found Ugaorph's Do-It-Yourself Clinic.
     7 | D        | Found a blossoming altar of Fedhas.
     8 | D        | Found an opulent altar of Gozag.
     8 | D        | Found a shadowy altar of Dithmenos.
     8 | D        | Found Xierioq's Staff Store.
     8 | D        | Found Taqyerche's Magic Scroll Shop.
     9 | D        | Found Jiuxef's Must-Have Magic.
     9 | D        | Found Peuh Ylo's Magic Scroll Shop.
    12 | D        | Found a shimmering altar of Xom.
    13 | D        | Found an ancient bone altar of Kikubaaqudgha.
    14 | D        | Found a corrupted altar of Lugonu.
    15 | D        | Found Faamon's Delicious Food.
    15 | D        | Found a radiant altar of Vehumet.
    15 | D        | Found a viscous altar of Jiyva.
    15 | D        | Found Danlelo's Identification Station.
    16 | D        | Found Gapol's Jewellery.
    16 | D        | Found Arroumeo's Advanced Armour.
    19 | D        | Found an iron altar of Okawaru.
    20 | D        | Found a stormy altar of Qazlal.
    23 | D        | Became a worshipper of Vehumet
    57 | D        | Found Seb Niw's Distillery.
    57 | D        | Found Cesh's Bottled Wisdom.
    65 | D        | Found a bloodstained altar of Trog.
    66 | D        | Found an ornate altar of the Wu Jian Council.
    68 | D        | Found a burning altar of Makhleb.
    68 | D        | Found Taen's Weapon Rack.
    68 | D        | Found Mafaomot's Premium Goods.
    69 | D        | Found Xoteocvo's Basic Armour.
    69 | D        | Found Xeiseut's Miscellaneous Merchandise.
    74 | D        | Reached * piety under Vehumet
    74 | D        | Offered knowledge of Magic Dart by Vehumet.
    74 | D        | Reached skill level 4 in Spellcasting
    76 | D        | Noticed Ijyb
    84 | D        | Killed Ijyb
    84 | D        | Reached skill level 6 in Spellcasting
    84 | D        | Reached skill level 5 in Earth Magic
    84 | D        | Reached XP level 2. HP: 15/15 MP: 1/11
    84 | D        | Reached XP level 3. HP: 19/19 MP: 1/12
   104 | D        | Noticed a big kobold
   112 | D        | Killed a big kobold
   112 | D        | Reached ** piety under Vehumet
   112 | D        | Arena points: 14 (+14) [x2]
   112 | D        | Reached skill level 7 in Spellcasting
   112 | D        | Reached XP level 4. HP: 12/24 MP: 1/15
   120 | D        | Learned a level 2 spell: Passwall
   124 | D        | Learned a level 3 spell: Stone Arrow
   129 | D        | Learned a level 4 spell: Petrify
   147 | D        | Round 2.
   151 | D        | Reached skill level 8 in Spellcasting
   152 | D        | Noticed a water moccasin
   156 | D        | Killed a water moccasin
   156 | D        | Reached skill level 9 in Spellcasting
   156 | D        | Reached skill level 10 in Earth Magic
   156 | D        | Reached XP level 5. HP: 18/28 MP: 6/19
   163 | D        | Learned a level 5 spell: Lee's Rapid Deconstruction
   183 | D        | Reached *** piety under Vehumet
   192 | D        | Reached skill level 10 in Spellcasting
   204 | D        | Arena points: 56 (+42) [x3]
   251 | D        | Round 3.
   257 | D        | Offered knowledge of Freeze by Vehumet.
   330 | D        | Noticed an ice beast
   334 | D        | Killed an ice beast
   334 | D        | Reached **** piety under Vehumet
   334 | D        | Reached skill level 11 in Spellcasting
   334 | D        | Reached XP level 6. HP: 32/32 MP: 11/22
   336 | D        | Noticed an ice beast
   338 | D        | Killed an ice beast
   338 | D        | Reached skill level 12 in Spellcasting
   339 | D        | Noticed a rime drake
   350 | D        | Killed a rime drake
   350 | D        | Reached skill level 13 in Spellcasting
   350 | D        | Reached XP level 7. HP: 18/36 MP: 1/26
   389 | D        | Offered knowledge of Mephitic Cloud by Vehumet.
   389 | D        | Arena points: 140 (+84) [x4]
   389 | D        | Reached skill level 14 in Spellcasting
   450 | D        | Round 4.
   450 | D        | Noticed a rust devil
   450 | D        | Noticed a hellwing
   451 | D        | Noticed an ice devil
   458 | D        | Killed a rust devil
   458 | D        | Reached ***** piety under Vehumet
   458 | D        | Reached XP level 8. HP: 35/41 MP: 11/28
   458 | D        | Killed a hellwing
   458 | D        | Reached skill level 15 in Spellcasting
   461 | D        | Noticed an orange demon
   463 | D        | Killed an ice devil
   463 | D        | Reached skill level 16 in Spellcasting
   463 | D        | Reached skill level 15 in Earth Magic
   464 | D        | Noticed an ice devil
   467 | D        | Noticed an orange demon
   467 | D        | Noticed an ice devil
   478 | D        | Bought 6 potions of magic for 336 gold pieces
   485 | D        | Killed an ice devil
   487 | D        | Killed an orange demon
   487 | D        | Reached XP level 9. HP: 20/45 MP: 22/31
   487 | D        | Killed an orange demon
   487 | D        | Reached skill level 17 in Spellcasting
   491 | D        | Killed an ice devil
   491 | D        | Arena points: 300 (+160) [x5]
   550 | D        | Round 5.
   565 | D        | Noticed Aizul
   571 | D        | Noticed a naga mage
   571 | D        | Killed from afar by Aizul

Levels and vault maps discovered:
D:        arena_sprint

Skill      XL: |  1  2  3  4  5  6  7  8  9 |
---------------+----------------------------+-----
Spellcasting   | 6 7 9 11 13 14 16 17 | 17.3
Earth Magic    | 5 8 10 11 13 14 16 | 16.9
Dodging        | |  2.4
Stealth        | |  2.4
Transmutations | |  1.1

Action                   |  1- 3 |  4- 6 |  7- 9 || total
-------------------------+-------+-------+-------++-------
Melee: Unarmed           |     1 |       |       ||     1
 Cast: Sandblast         |    13 |     9 |     2 ||    24
       Lee's Rapid Decon |       |     4 |    23 ||    27
Evoke: Wand              |       |     3 |       ||     3
  Use: Potion            |       |       |     6 ||     6
       Scroll            |       |       |     4 ||     4
Armor: Robe              |       |     1 |       ||     1
Dodge: Dodged            |     5 |     6 |     1 ||    12
